[Event "*** SCC Grand Prix: Titled Tuesday Blitz"]
[Site "Chess.com"]
[Date "2020.06.02"]
[Round "1"]
[White "ChessWarrior7197"]
[Black "nikitakhoroshev"]
[Result "1-0"]
[WhiteElo "2921"]
[BlackElo "2437"]
[TimeControl "180+1"]
[EndTime "10:04:40 PDT"]
[Termination "ChessWarrior7197 won by resignation"]

1. e4 e6 2. d4 d5 3. Nc3 Nc6 4. e5 f6 5. Nf3 fxe5 6. dxe5 Bc5 7. Ng5 g6 8. h4 Nxe5 9. Qe2 Nc6 10. Nxe6 Bxe6 11.
Qxe6+ Nge7 12. Bb5 Qd7 13. Qxd7+ Kxd7 14. Bg5 a6 15.
Ba4 b5 16. Bb3 Bb4 17. O-O-O Bxc3 18. bxc3 Kd6 19. Bf4+ Kc5 20. Rhe1 Rac8 21. Re6 Rhd8 22. Be3+ d4 23. Bxd4+ 1-0

[Event "*** SCC Grand Prix: Titled Tuesday Blitz"]
[Site "Chess.com"]
[Date "2020.06.02"]
[Round "1"]
[White "CalinGheorghiu"]
[Black "Rodalquilar"]
[Result "0-1"]
[WhiteElo "2293"]
[BlackElo "2629"]
[TimeControl "180+1"]
[EndTime "10:04:42 PDT"]
[Termination "Rodalquilar won on time"]

1. e4 d5 2. exd5 Qxd5 3. Nc3 Qa5 4. d4 Nf6 5. Nf3 Bf5 6. Bc4 e6 7. Bd2 Bb4 8. a3 Bxc3 9. Bxc3 Qb6 10. O-O Nc6 11. Ne5 Nxe5 12. dxe5 Rd8 13. Qf3 Ne4 14. Bb4 Nd2 15. Bxd2 Rxd2 16. Rad1 Rxd1 17. Rxd1 Qxb2 18.
Bb3 O-O 19. Qxb7 Bxc2 0-1

[Event "*** SCC Grand Prix: Titled Tuesday Blitz"]
[Site "Chess.com"]
[Date "2020.06.02"]
[Round "1"]
[White "keepitcool9499"]
[Black "gemarin"]
[Result "1-0"]
[WhiteElo "2472"]
[BlackElo "1991"]
[TimeControl "180+1"]
[EndTime "10:04:43 PDT"]
[Termination "keepitcool9499 won by resignation"]

1. d4 d5 2. c4 c6 3. cxd5 cxd5 4. Nc3 Nc6 5. Bf4 Nf6 6. Nf3 e6 7. e3 Bd6 8. Bg3 O-O 9. Bd3 a6 10. Rc1 Qe7 11. Bb1 Bd7 12. a3 Ne8 13. Ne5 Nxe5 14. dxe5 Bb8 15. Qb3 Bc6 16. O-O f5 17. Ne2 Qd7 18. Nd4 Ba4 19. Qb6 Kf7 20. Bxf5 Bc6 21. Bxe6+ Qxe6 22. Nxe6 Kxe6 23. Rxc6+ 1-0

[Event "*** SCC Grand Prix: Titled Tuesday Blitz"]
[Site "Chess.com"]
[Date "2020.06.02"]
[Round "1"]
[White "stanyga"]
[Black "AndrewDGreen"]
[Result "1-0"]
[WhiteElo "2644"]
[BlackElo "2309"]
[TimeControl "180+1"]
[EndTime "10:04:44 PDT"]
[Termination "stanyga won by resignation"]

1. d4 Nf6 2. c4 g6 3. g3 Bg7 4.
Bg2 d6 5. Nc3 O-O 6. e4 e5 7. d5 a5 8. Nge2 Na6 9. O-O Nd7 10.
f4 exf4 11. gxf4 f5 12. exf5 gxf5 13. Kh1 Kh8 14. Be3 Ndc5 15. Bd4 Qe7 16. Ng3 Bxd4 17. Qxd4+ Qg7 18. Qd2 h6 19. Nh5 Qf7 20. Bf3 Bd7 21.
Qd4+ Kh7 22. Rg1 1-0

[Event "*** SCC Grand Prix: Titled Tuesday Blitz"]
[Site "Chess.com"]
[Date "2020.06.02"]
[Round "1"]
[White "12teen"]
[Black "Logman74"]
[Result "1-0"]
[WhiteElo "2709"]
[BlackElo "2353"]
[TimeControl "180+1"]
[EndTime "10:04:46 PDT"]
[Termination "12teen won on time"]

1. g3 d5 2. Bg2 c6 3. d3 Nf6 4.
Nc3 g6 5. Bd2 Bg7 6. e4 e5 7. f4 dxe4 8. dxe4 Qb6 9. Qe2 exf4 10. gxf4 Qxb2 11. Rb1 Qa3 12. Rb3 Qc5 13. e5 Ng4 14.
Ne4 Qxc2 15. Nd6+ Kf8 16. Nxc8 Na6 17. Qxg4 h5 18. Qd7 Kg8 19. Nf3 Kh7 20. Ng5+ Kh6 21. Nxf7+ Kh7 22. Ng5+ Kh6 23. Nd6 Rhf8 24. Be4 Qxa2 25.
Ndf7+ Rxf7 26. Qxf7 1-0

[Event "*** SCC Grand Prix: Titled Tuesday Blitz"]
[Site "Chess.com"]
[Date "2020.06.02"]
[Round "1"]
[White "DanielTitichoca"]
[Black "GoltsevDmitry2000"]
[Result "0-1"]
[WhiteElo "2311"]
[BlackElo "2644"]
[TimeControl "180+1"]
[EndTime "10:04:46 PDT"]
[Termination "GoltsevDmitry2000 won by resignation"]

1. e4 c5 2. Nf3 e6 3. d4 cxd4 4. Nxd4 a6 5. c4 Qc7 6. Nc3 Nf6 7. Be2 Bb4 8. O-O Nc6 9. Be3 O-O 10. Rc1 Bxc3 11. Rxc3 Nxe4 12. Rc1 Nf6 13. c5 Nd5 14. Nxc6 dxc6 15. Bd4 e5 16. Bc3 Nxc3 17. Rxc3 Be6 18.
Qa4 Rad8 19. f4 Rd4 20. Qc2 exf4 21. Bd3 g6 22. h4 Qe5 23. Qf2 Rfd8 24. Re1 Qf6 25.
Bb1 Rd2 26. Re2 Rxe2 27. Qxe2 Qxh4 28. a4 Bg4 0-1

[Event "*** SCC Grand Prix: Titled Tuesday Blitz"]
[Site "Chess.com"]
[Date "2020.06.02"]
[Round "1"]
[White "Yoshikrov"]
[Black "jocmil"]
[Result "0-1"]
[WhiteElo "2033"]
[BlackElo "2486"]
[TimeControl "180+1"]
[EndTime "10:04:46 PDT"]
[Termination "jocmil won by resignation"]

1. e4 e6 2. d4 d5 3. Nd2 Nf6 4. e5 Nfd7 5. c3 c5 6. Bd3 Nc6 7. Ne2 f6 8. exf6 Nxf6 9. O-O cxd4 10. cxd4 Bd6 11. Nf3 O-O 12. Bg5 Qc7 13. Qc2 g6 14. Bh4 Qg7 15. Bg3 Bxg3 16. hxg3 Bd7 17. Qd2 Rac8 18.
Rac1 Qe7 19. Ne5 Nxe5 20. dxe5 Ng4 21. Rxc8 Bxc8 22. Qc3 Qg5 23. f3 Qe3+ 24. Kh1 Qh6+ 0-1

[Event "*** SCC Grand Prix: Titled Tuesday Blitz"]
[Site "Chess.com"]
[Date "2020.06.02"]
[Round "1"]
[White "Flawless_Fighter"]
[Black "Synctel"]
[Result "1-0"]
[WhiteElo "2466"]
[BlackElo "1919"]
[TimeControl "180+1"]
[EndTime "10:04:48 PDT"]
[Termination "Flawless_Fighter won by resignation"]

1. e4 e6 2. d4 d5 3. Nd2 dxe4 4. Nxe4 Bd7 5. Nf3 Bc6 6. Bd3 Nd7 7. O-O Ngf6 8. Ng3 Bxf3 9. Qxf3 c6 10. Re1 Be7 11.
c4 O-O 12. b3 Re8 13. Bb2 a5 14. a3 Qb6 15. Rad1 Rad8 16. h3 Qc7 17. Bb1 b5 18. Ne4 Nxe4 19. Bxe4 Rc8 20. d5 cxd5 21. cxd5 Bf6 22. d6 Qb6 23. Bxf6 Nxf6 24. d7 1-0

[Event "*** SCC Grand Prix: Titled Tuesday Blitz"]
[Site "Chess.com"]
[Date "2020.06.02"]
[Round "1"]
[White "ItsCheckM8Mate"]
[Black "AndrewMaco"]
[Result "0-1"]
[WhiteElo "2274"]
[BlackElo "2606"]
[TimeControl "180+1"]
[EndTime "10:04:50 PDT"]
[Termination "AndrewMaco won by resignation"]

1. e4 c5 2. Nf3 d6 3. d4 cxd4 4. Nxd4 Nf6 5. Nc3 a6 6. h3 e6 7. g4 Nfd7 8. Be3 Be7 9. g5 Nc6 10. h4 O-O 11. Bg2 Rb8 12. O-O Nxd4 13. Qxd4 b5 14.
f4 Bb7 15. Rad1 Qc7 16. f5 Rfe8 17. Rd2 Ne5 18. f6 Bf8 19. fxg7 Bxg7 20. Qxd6 Qxd6 21.
Rxd6 Nc4 22. Rd7 Bc6 23. Rc7 Nxe3 24. Rfxf7 Be5 25. Ra7 Bd4 26. Rac7 Nd5+ 0-1

[Event "*** SCC Grand Prix: Titled Tuesday Blitz"]
[Site "Chess.com"]
[Date "2020.06.02"]
[Round "1"]
[White "rakshi2005"]
[Black "Revnov"]
[Result "0-1"]
[WhiteElo "2338"]
[BlackElo "2687"]
[TimeControl "180+1"]
[EndTime "10:04:51 PDT"]
[Termination "Revnov won by resignation"]

1. e4 c5 2. Nf3 d6 3. d4 cxd4 4. Nxd4 Nf6 5. Nc3 a6 6. Bg5 Nbd7 7. Qe2 g6 8. O-O-O Bg7 9. f4 Qc7 10. Kb1 O-O 11. g4 e5 12. Nb3 exf4 13. Bxf4 Ne5 14. h3 Be6 15. Bxe5 dxe5 16. g5 Nh5 17. Nd5 Bxd5 18. exd5 Ng3 19. Qf3 e4 20. Qg2 Nxh1 21. Qxh1 Qe5 22. c3 Rad8 23. Bc4 b5 24. Be2 Rxd5 25. Rxd5 Qxd5 26. Nc1 Rd8 27. h4 b4 28.
c4 Qe5 0-1

[Event "*** SCC Grand Prix: Titled Tuesday Blitz"]
[Site "Chess.com"]
[Date "2020.06.02"]
[Round "1"]
[White "Pultis"]
[Black "Boninknights"]
[Result "1-0"]
[WhiteElo "2782"]
[BlackElo "2397"]
[TimeControl "180+1"]
[EndTime "10:04:53 PDT"]
[Termination "Pultis won by resignation"]

1. d4 Nf6 2. c4 e6 3. Nf3 a6 4.
Nc3 d5 5. cxd5 exd5 6. Bg5 Be7 7. e3 c6 8. Bd3 Nbd7 9. O-O Nf8 10. Ne5 Ne6 11.
Bh4 g6 12. Qb3 O-O 13. Rad1 Ng7 14. Rfe1 Ra7 15. f3 Nf5 16. Bf2 c5 17. dxc5 Bxc5 18. Na4 b6 19. Nc6 Qc7 20. Nxa7 Qxa7 21. Qc3 d4 22.
exd4 Bxd4 23. Bxd4 Nxd4 24. Qxd4 1-0

[Event "*** SCC Grand Prix: Titled Tuesday Blitz"]
[Site "Chess.com"]
[Date "2020.06.02"]
[Round "1"]
[White "LiemLe"]
[Black "XiaoKangZhong"]
[Result "1-0"]
[WhiteElo "2916"]
[BlackElo "2436"]
[TimeControl "180+1"]
[EndTime "10:04:54 PDT"]
[Termination "LiemLe won by resignation"]

1. e4 c6 2. d4 d5 3. e5 c5 4. dxc5 Nc6 5. f4 e6 6. Be3 Nge7 7. Nf3 Nf5 8. Bf2 d4 9. Bd3 Bxc5 10. Nbd2 O-O 11. a3 Ne3 12. Bxe3 dxe3 13. Ne4 Bb6 14. Qe2 Nd4 15. Nxd4 Qxd4 16. O-O-O Qa4 17. Nf6+ gxf6 18. Qg4+ Kh8 19. exf6 Rg8 20. Qh4 Rg6 21. Bxg6 fxg6 22. Qh6 1-0

[Event "*** SCC Grand Prix: Titled Tuesday Blitz"]
[Site "Chess.com"]
[Date "2020.06.02"]
[Round "1"]
[White "1977Ivan"]
[Black "GaboSalazar2001"]
[Result "1-0"]
[WhiteElo "2600"]
[BlackElo "2262"]
[TimeControl "180+1"]
[EndTime "10:04:55 PDT"]
[Termination "1977Ivan won by resignation"]

1. d4 Nf6 2. c4 c5 3. d5 b5 4. Nd2 b4 5. e4 d6 6. f4 g6 7. e5 dxe5 8. fxe5 Nfd7 9. Ndf3 Bg7 10. Bf4 O-O 11. Bd3 f6 12. e6 Nb6 13. Nh3 Nxd5 14. cxd5 Qxd5 15. Qe2 Bb7 16. Rd1 Qh5 17. O-O Nc6 18. Be4 Rad8 19. Rd7 g5 20. Rxb7 gxf4 1-0

[Event "*** SCC Grand Prix: Titled Tuesday Blitz"]
[Site "Chess.com"]
[Date "2020.06.02"]
[Round "1"]
[White "kidagent"]
[Black "Kavyev_Ruslan"]
[Result "0-1"]
[WhiteElo "2193"]
[BlackElo "2543"]
[TimeControl "180+1"]
[EndTime "10:04:56 PDT"]
[Termination "Kavyev_Ruslan won by resignation"]

1. e4 c5 2. Nf3 d6 3. d4 cxd4 4. Nxd4 Nf6 5. Nc3 a6 6. h3 e5 7. Nde2 h5 8. Bg5 Be6 9. Nd5 Bxd5 10. exd5 Be7 11. Bxf6 Bxf6 12. Nc3 Nd7 13. Be2 g6 14. Qd3 O-O 15. O-O-O Bg7 16. g4 h4 17. Kb1 b5 18.
Ne4 b4 19. g5 a5 20. Rhg1 a4 21. Rg4 a3 22. b3 Rc8 23. Rxh4 Nc5 24. Nxc5 Rxc5 25. Rxb4 Qxg5 26. Rg4 Qf6 27. Qe4 Rfc8 28. c4 Rb8 29. f3 Qe7 30. Bd3 f5 31. Qe2 fxg4 32.
hxg4 e4 0-1

[Event "*** SCC Grand Prix: Titled Tuesday Blitz"]
[Site "Chess.com"]
[Date "2020.06.02"]
[Round "1"]
[White "Harsha_Bharathakoti"]
[Black "Gerodot71"]
[Result "1-0"]
[WhiteElo "2723"]
[BlackElo "2362"]
[TimeControl "180+1"]
[EndTime "10:04:58 PDT"]
[Termination "Harsha_Bharathakoti won by resignation"]

1. c4 e5 2. Nc3 Nf6 3. Nf3 Nc6 4. e3 d5 5. cxd5 Nxd5 6. Bb5 Nxc3 7. bxc3 Bd6 8. d4 exd4 9. cxd4 O-O 10. O-O Bg4 11. Be2 Qf6 12. Rb1 b6 13. Nd2 Bxe2 14. Qxe2 Rfe8 15.
Qg4 g6 16. Bb2 h5 17. Qh3 Qe7 18. Qf3 Qd7 19. Ne4 Rxe4 20. Qxe4 Re8 21. Qf3 Ne7 22. e4 c6 23. d5 cxd5 24. Qf6 1-0

[Event "*** SCC Grand Prix: Titled Tuesday Blitz"]
[Site "Chess.com"]
[Date "2020.06.02"]
[Round "1"]
[White "Mikedannnn"]
[Black "luizwas"]
[Result "1-0"]
[WhiteElo "2463"]
[BlackElo "1852"]
[TimeControl "180+1"]
[EndTime "10:05:02 PDT"]
[Termination "Mikedannnn won by checkmate"]

1. e4 e6 2. d4 d5 3. Nc3 Nf6 4. e5 Nfd7 5. f4 c5 6. Nf3 Qb6 7. a3 Nc6 8. Be3 Qxb2 9. Na4 Qxa1 10. Qxa1 cxd4 11. Nxd4 Na5 12. Nb5 Kd8 13. Bxa7 Nc6 14. Nb6 Rxa7 15. Nxc8 Kxc8 16. Nxa7+ Nxa7 17. c4 Nb6 18. Qd4 Kc7 19. cxd5 exd5 20. Bd3 Nc6 21. Qc3 d4 22. Qb3 Be7 23. O-O Ra8 24. Rb1 Bc5 25. Qxf7+ Kb8 26. Rb5 Bxa3 27. Rxb6 Bc5 28. Qxb7# 1-0

[Event "*** SCC Grand Prix: Titled Tuesday Blitz"]
[Site "Chess.com"]
[Date "2020.06.02"]
[Round "1"]
[White "Riptide27"]
[Black "checkmatequen"]
[Result "1-0"]
[WhiteElo "2599"]
[BlackElo "2260"]
[TimeControl "180+1"]
[EndTime "10:05:04 PDT"]
[Termination "Riptide27 won by resignation"]

1. d4 Nf6 2. c4 e6 3. Nc3 c5 4. d5 exd5 5. cxd5 d6 6. e4 g6 7.
f4 Bg7 8. Bb5+ Nfd7 9. a4 O-O 10. Nf3 Na6 11. O-O Nb4 12. Re1 a6 13. Bf1 Re8 14. Be3 Rb8 15. Bf2 Nf6 16. Qb3 Bd7 17. e5 Nh5 18. e6 Bc8 19. Ng5 fxe6 20. dxe6 Re7 21. Rad1 Nxf4 22. Bxc5 Re8 23. e7+ 1-0

[Event "*** SCC Grand Prix: Titled Tuesday Blitz"]
[Site "Chess.com"]
[Date "2020.06.02"]
[Round "1"]
[White "saikrishnaReturns"]
[Black "Justinz"]
[Result "1-0"]
[WhiteElo "2629"]
[BlackElo "2293"]
[TimeControl "180+1"]
[EndTime "10:05:06 PDT"]
[Termination "saikrishnaReturns won by resignation"]

1. e4 c5 2. Nf3 d6 3. d4 cxd4 4. Nxd4 Nf6 5. Nc3 a6 6. Bg5 e6 7.
f4 h6 8. Bh4 Qb6 9. Qd2 Be7 10.
O-O-O Nbd7 11. Bf2 Qc7 12. Bd3 b5 13. Rhe1 O-O 14. f5 b4 15. Nce2 e5 16. Nf3 Bb7 17. Ng3 Nc5 18. Kb1 Rfe8 19. Qxb4 d5 20. Bxc5 Bxc5 21.
Qc3 Qb6 22. exd5 Nxd5 23. Qb3 Qc7 24. Be4 Nb6 25. Bxb7 Qxb7 26. Rxe5 Rxe5 27. Nxe5 a5 28. Qb5 Bf8 29. a4 Qc7 30. Ne4 Re8 31. Qxe8 1-0

[Event "*** SCC Grand Prix: Titled Tuesday Blitz"]
[Site "Chess.com"]
[Date "2020.06.02"]
[Round "1"]
[White "Irochka83"]
[Black "Izoria123"]
[Result "0-1"]
[WhiteElo "2424"]
[BlackElo "2864"]
[TimeControl "180+1"]
[EndTime "10:05:10 PDT"]
[Termination "Izoria123 won on time"]

1. d4 d6 2. Nf3 g6 3. c4 Bg7 4. Nc3 Bg4 5. g3 Bxf3 6. exf3 Nf6 7. Bg2 c6 8. d5 O-O 9. O-O Nbd7 10. Re1 Re8 11. f4 Rc8 12. Be3 Qa5 13. Rc1 Nb6 14. dxc6 bxc6 15. c5 dxc5 16. Qc2 c4 17. a3 Nfd5 18.
Bxb6 axb6 19. Ne4 b5 20. f5 gxf5 21. Ng5 e6 22. Qe2 h6 23. Nf3 Rcd8 24. Ne5 Qc7 0-1

[Event "*** SCC Grand Prix: Titled Tuesday Blitz"]
[Site "Chess.com"]
[Date "2020.06.02"]
[Round "1"]
[White "GiorgianBarbosa"]
[Black "exoticprincess"]
[Result "0-1"]
[WhiteElo "2407"]
[BlackElo "2816"]
[TimeControl "180+1"]
[EndTime "10:05:11 PDT"]
[Termination "exoticprincess won by resignation"]

1. c4 c6 2. g3 d5 3. cxd5 cxd5 4. Bg2 Nc6 5. Nf3 e5 6. O-O Nf6 7. d4 e4 8. Ne5 Bd6 9. Nxc6 bxc6 10. Nc3 O-O 11.
b3 Re8 12. Bg5 h6 13. Bxf6 Qxf6 14. e3 Qg6 15. Na4 h5 16. h4 Bg4 17. Qc2 Rac8 18. Rac1 Qf6 19. Nc5 g5 20. hxg5 Qxg5 21. Nb7 Bb8 22.
Na5 h4 23. Nxc6 hxg3 24. fxg3 Bxg3 25. Qd2 Kg7 26. Ne5 Rxe5 27. Rxc8 Re6 28. Rf2 Rh6 29.
Ra8 Bf3 30. Rxa7 Rh2 31. Bxf3 Bxf2+ 32. Kf1 Qg1+ 33. Ke2 Bxe3+ 0-1

[Event "*** SCC Grand Prix: Titled Tuesday Blitz"]
[Site "Chess.com"]
[Date "2020.06.02"]
[Round "1"]
[White "AbdulovOrkhan"]
[Black "124chess"]
[Result "0-1"]
[WhiteElo "2381"]
[BlackElo "2745"]
[TimeControl "180+1"]
[EndTime "10:05:11 PDT"]
[Termination "124chess won by resignation"]

1. e4 e5 2. Nf3 Nc6 3. Nc3 Nf6 4. a3 g6 5. d4 exd4 6. Nxd4 Bg7 7. Nxc6 bxc6 8. e5 Qe7 9. f4 O-O 10. Be2 Ne8 11.
O-O f6 12. Ne4 d5 13. exf6 Nxf6 14. Ng3 Ne4 15. Nxe4 Qxe4 16. Bf3 Qd4+ 17. Qxd4 Bxd4+ 18. Kh1 Bf5 19. c3 Bg7 20. Be3 Rfe8 21. Bc5 a5 22. Rae1 Rab8 23. Rxe8+ Rxe8 24. Kg1 Kf7 25. Kf2 Rb8 26. b4 Bxc3 27. Rc1 Bb2 28. Re1 Bxa3 29. Re7+ Kg8 30. Rxc7 Bxb4 31. Rxc6 Be4 32. Bg4 Bxc5+ 33. Rxc5 Rb2+ 34. Ke3 Rxg2 35. Be6+ Kg7 36. h4 a4 37. Ra5 a3 38. Kd4 Kf6 39. Bxd5 Bxd5 40. Kxd5 a2 41. Ke4 Ke6 42. Ra6+ Kd7 43. Ke5 Kc7 44. Kf6 Kb7 45. Ra4 Kb6 46. Kg7 h5 47. Kf6 Kb5 48. Ra8 Kb4 49. f5 gxf5 50. Kxf5 Kb3 51. Rb8+ Kc2 52. Ra8 Kb1 53. Kf6 a1=Q+ 0-1

[Event "*** SCC Grand Prix: Titled Tuesday Blitz"]
[Site "Chess.com"]
[Date "2020.06.02"]
[Round "1"]
[White "Indianlad"]
[Black "profofchess"]
[Result "1-0"]
[WhiteElo "3031"]
[BlackElo "2455"]
[TimeControl "180+1"]
[EndTime "10:05:12 PDT"]
[Termination "Indianlad won by resignation"]

1. d4 Nf6 2. Nf3 c5 3. d5 e6 4. c4 exd5 5. cxd5 d6 6. Nc3 g6 7. Bf4 a6 8. a4 Bg7 9. e3 O-O 10. h3 Qe7 11. Bd3 Nbd7 12. O-O Ne8 13. e4 Rb8 14.
Qd2 Ne5 15. Nxe5 Bxe5 16. Bh6 Ng7 17. Rae1 Bd7 18. f4 Bd4+ 19. Kh2 b5 20. axb5 axb5 21. Ne2 Bf6 22. Ng3 c4 23. Bb1 b4 24. e5 dxe5 25. d6 Qd8 26. fxe5 Bh4 27. Ne4 Qa5 28. Nf6+ Bxf6 29.
exf6 Nf5 30. Bxf8 Rxf8 31. Bxf5 1-0

[Event "*** SCC Grand Prix: Titled Tuesday Blitz"]
[Site "Chess.com"]
[Date "2020.06.02"]
[Round "1"]
[White "MYMChessAcademy"]
[Black "David_Paravyan"]
[Result "0-1"]
[WhiteElo "2448"]
[BlackElo "2975"]
[TimeControl "180+1"]
[EndTime "10:05:13 PDT"]
[Termination "David_Paravyan won by resignation"]

1. e4 c5 2. Ne2 Nf6 3. Nbc3 Nc6 4.
g3 h5 5. h3 g6 6. Bg2 Bg7 7. O-O d6 8. d3 Bd7 9. f4 Qc8 10. Kh2 Nd4 11. Be3 h4 12. g4 Bxg4 13. hxg4 Nxg4+ 14. Kg1 Nxe3 15. Qd2 Nxf1 16. Rxf1 h3 17.
Bf3 h2+ 18. Kh1 Nxf3 19. Rxf3 Qg4 20. Rg3 Bxc3 21. bxc3 Qh4 22. c4 O-O-O 23. d4 cxd4 24. Qxd4 Kb8 25. a4 e5 0-1

[Event "*** SCC Grand Prix: Titled Tuesday Blitz"]
[Site "Chess.com"]
[Date "2020.06.02"]
[Round "1"]
[White "AnishGiri"]
[Black "AshotParvanyan"]
[Result "1-0"]
[WhiteElo "2977"]
[BlackElo "2449"]
[TimeControl "180+1"]
[EndTime "10:05:17 PDT"]
[Termination "AnishGiri won by resignation"]

1. e4 e6 2. d4 d5 3. Nc3 Bb4 4. e5 Ne7 5. a3 Bxc3+ 6. bxc3 c5 7. Qg4 Qc7 8. Bd3 c4 9. Be2 Nf5 10. h4 O-O 11. h5 h6 12. Nf3 Nc6 13. a4 Qa5 14. Bd2 f6 15. Qh3 fxe5 16. dxe5 Qc7 17. g4 Nxe5 18. Nxe5 Qxe5 19. gxf5 exf5 20. f4 Qe4 21.
Rg1 Re8 22. Qg2 Re7 23. Qxe4 fxe4 24. Be3 Bf5 25. a5 a6 26. Rb1 Rae8 27. Rb6 Bc8 28. Rxh6 Re6 29. Rhg6 Rxg6 30. Rxg6 Bf5 31. Rg5 Be6 32.
f5 Bf7 33. Bd4 1-0

[Event "*** SCC Grand Prix: Titled Tuesday Blitz"]
[Site "Chess.com"]
[Date "2020.06.02"]
[Round "1"]
[White "Crazy_girl99"]
[Black "almo64"]
[Result "0-1"]
[WhiteElo "2415"]
[BlackElo "2833"]
[TimeControl "180+1"]
[EndTime "10:05:17 PDT"]
[Termination "almo64 won by resignation"]

1. Nf3 d5 2. g3 Nd7 3. d4 e6 4. Bg2 Ngf6 5. O-O b5 6. a4 b4 7. Nbd2 Bb7 8. c4 bxc3 9. bxc3 c5 10. e3 Be7 11. c4 O-O 12. Ba3 Rc8 13. Qe2 dxc4 14. Nxc4 Ba6 15. Rfc1 Nb6 16. Nfd2 Nfd5 17. a5 Nxc4 18. Nxc4 cxd4 19. Bxe7 Nxe7 20. Bf1 Qd5 21. exd4 Bb7 22. f3 Nf5 23. Qe4 Nxd4 24. Qxd5 Bxd5 25. f4 Nb3 26. Rab1 Nxc1 27. Rxc1 Rc5 0-1

[Event "*** SCC Grand Prix: Titled Tuesday Blitz"]
[Site "Chess.com"]
[Date "2020.06.02"]
[Round "1"]
[White "Oglob71"]
[Black "ecwinslow"]
[Result "1-0"]
[WhiteElo "2517"]
[BlackElo "2131"]
[TimeControl "180+1"]
[EndTime "10:05:17 PDT"]
[Termination "Oglob71 won by resignation"]

1. d4 Nf6 2. Nf3 e6 3. c4 c5 4. d5 exd5 5. cxd5 d6 6. Nc3 g6 7.
e4 Bg7 8. h3 O-O 9. Bd3 Nbd7 10. O-O Re8 11. Re1 a6 12. Bf4 c4 13. Bxc4 Nc5 14. e5 dxe5 15. Bxe5 b5 16. Qd4 Ncd7 17.
Bb3 Nxe5 18. Rxe5 Rxe5 19. Qxe5 Bb7 20. Qg5 b4 21. Na4 Nxd5 22. Qxd8+ Rxd8 23. Rd1 Bf6 24. Nc5 Bc6 25. Nxa6 Ra8 26. Nc5 Nf4 27. Rd6 Bxf3 28. Rxf6 Ne2+ 29. Kf1 Bh5 30. g4 Kg7 31. Rxf7+ 1-0

[Event "*** SCC Grand Prix: Titled Tuesday Blitz"]
[Site "Chess.com"]
[Date "2020.06.02"]
[Round "1"]
[White "Jojo_1608"]
[Black "Arkady_Gitelson"]
[Result "1-0"]
[WhiteElo "2159"]
[BlackElo "2485"]
[TimeControl "180+1"]
[EndTime "10:05:18 PDT"]
[Termination "Jojo_1608 won by resignation"]

1. d4 Nf6 2. c4 g6 3. Nc3 Bg7 4. Nf3 O-O 5. Bg5 d6 6. e3 c5 7. Be2 Nc6 8. d5 Ne5 9. Nxe5 dxe5 10.
e4 Ne8 11. O-O Nd6 12. Be3 b6 13. a3 f5 14. f3 Ba6 15. b3 Qd7 16. Qc2 Rfc8 17.
Bd3 f4 18. Bf2 b5 19. Qe2 bxc4 20. bxc4 Rab8 21. Rab1 Qc7 22. Na4 Rxb1 23. Rxb1 Qa5 24. Qc2 Rc7 25. Rb8+ Kf7 26. h4 h5 27. Rb1 Bf6 28. Be1 1-0

[Event "*** SCC Grand Prix: Titled Tuesday Blitz"]
[Site "Chess.com"]
[Date "2020.06.02"]
[Round "1"]
[White "Diego_FloresQ"]
[Black "Jospem"]
[Result "0-1"]
[WhiteElo "2430"]
[BlackElo "2890"]
[TimeControl "180+1"]
[EndTime "10:05:21 PDT"]
[Termination "Jospem won by resignation"]

1. e4 c5 2. Nf3 a6 3. c4 d6 4. d4 cxd4 5. Nxd4 Nf6 6. Nc3 e6 7.
Be2 b6 8. O-O Bb7 9. f3 Be7 10.
Be3 Nbd7 11. Qd2 O-O 12. Rfc1 Qb8 13. Bf1 Rc8 14. Na4 Bd8 15. g3 Ne5 16. Kg2 h5 17. Be2 Nfd7 18. b4 Bf6 19. Rab1 h4 20. Nb3 b5 21.
cxb5 Rxc1 22. Rxc1 axb5 23. Nc3 Nc4 24. Bxc4 bxc4 25.
Na5 Ne5 26. Bd4 h3+ 27. Kf2 Nd3+ 28. Ke3 Bxd4+ 29. Kxd4 Ba6 0-1

[Event "*** SCC Grand Prix: Titled Tuesday Blitz"]
[Site "Chess.com"]
[Date "2020.06.02"]
[Round "1"]
[White "ram1zan"]
[Black "SaqoChess_Twitch"]
[Result "1-0"]
[WhiteElo "2850"]
[BlackElo "2421"]
[TimeControl "180+1"]
[EndTime "10:05:21 PDT"]
[Termination "ram1zan won by resignation"]

1. e4 c5 2. Nc3 d6 3. f4 Nc6 4. Nf3 g6 5. Bb5 Bg7 6. O-O e6 7. Bxc6+ bxc6 8. d3 Ne7 9. Qe1 O-O 10. b3 f5 11. e5 d5 12. Ba3 Qa5 13. Na4 Qxe1 14. Rfxe1 Re8 15. Nxc5 a5 16. Nd4 Kf7 17. h4 h6 18. Kf2 Rh8 19. Bc1 g5 20. fxg5 hxg5 21.
Bxg5 Ng6 22. Nf3 Bf8 23. Na4 Ba6 24. c4 Bb4 25. Rec1 dxc4 26. dxc4 Ra7 27. Rd1 Rc7 28. Rd3 c5 29. Rad1 Bb7 30. Rd7+ 1-0

[Event "*** SCC Grand Prix: Titled Tuesday Blitz"]
[Site "Chess.com"]
[Date "2020.06.02"]
[Round "1"]
[White "ElviraBerend"]
[Black "abykhovsky"]
[Result "0-1"]
[WhiteElo "2399"]
[BlackElo "2789"]
[TimeControl "180+1"]
[EndTime "10:05:23 PDT"]
[Termination "abykhovsky won by resignation"]

1. d4 Nf6 2. c4 g6 3. Nf3 Bg7 4. g3 O-O 5. Bg2 d6 6. O-O Nbd7 7. Nc3 e5 8. e4 exd4 9. Nxd4 Nc5 10. h3 Re8 11.
Re1 h6 12. Nc2 Bd7 13. b3 Bc6 14. f3 Nh5 15. Kh2 Bxc3 16. Bxh6 Bxe1 17. Qxe1 Qf6 18. Be3 Ne6 19. Rd1 g5 20. Bc1 a6 21. Ne3 b5 22. Qd2 Nhg7 23. Bb2 Qg6 24. Ng4 bxc4 25.
Qc3 Reb8 26. Nf6+ Kf8 27. Qxc4 Bb5 28. Qc3 a5 29. Nd5 a4 30. b4 a3 31. Ba1 c6 32.
Nf6 Rd8 33. Rg1 d5 34. exd5 cxd5 35. f4 d4 36. Qd2 Qxf6 0-1

[Event "*** SCC Grand Prix: Titled Tuesday Blitz"]
[Site "Chess.com"]
[Date "2020.06.02"]
[Round "1"]
[White "mikerahal"]
[Black "Shubinkirill2003"]
[Result "0-1"]
[WhiteElo "2348"]
[BlackElo "2703"]
[TimeControl "180+1"]
[EndTime "10:05:23 PDT"]
[Termination "Shubinkirill2003 won by resignation"]

1. e4 e6 2. d4 d5 3. Bd3 c5 4. exd5 exd5 5. Nf3 c4 6. Be2 Nf6 7. O-O Bd6 8. Re1 O-O 9. b3 cxb3 10. axb3 Nc6 11. c4 Bf5 12. Nc3 Bb4 13. Bd2 dxc4 14.
Bxc4 Nxd4 15. Nxd4 Qxd4 16. Ra4 Bxc3 17. Bxf7+ Rxf7 18. Rxd4 Bxd4 19. Qf3 Bg6 20. Be3 Re8 21. h3 Rfe7 22. Qf4 Re4 23. Qg3 Nd5 24. Kh2 Nxe3 25. fxe3 Be5 26. Qxe5 R4xe5 0-1

[Event "*** SCC Grand Prix: Titled Tuesday Blitz"]
[Site "Chess.com"]
[Date "2020.06.02"]
[Round "1"]
[White "ShieldingOff"]
[Black "Superfelix"]
[Result "0-1"]
[WhiteElo "2041"]
[BlackElo "2491"]
[TimeControl "180+1"]
[EndTime "10:05:23 PDT"]
[Termination "Superfelix won by resignation"]

1. d4 Nf6 2. c4 g6 3. Nc3 Bg7 4. e4 d6 5. Be2 O-O 6. Be3 Na6 7. g4 e5 8. d5 Nc5 9. Bf3 a5 10. h4 h5 11. gxh5 gxh5 12. Bxh5 Ncxe4 13. Be2 Nxc3 14. bxc3 Ne4 15. Qc1 f5 16. Bh6 Bxh6 17.
Qxh6 Qf6 18. Qh5 Qh8 19. Qf3 Qh6 20. Nh3 Kh8 21. Rg1 Bd7 22. Ng5 Rf6 23. Rd1 Raf8 24.
Qh3 Bc8 25. Nxe4 fxe4 26. Rg2 Bxh3 0-1